AoeStats
← lord_suffer

Hill Fort

506617228Analyzed
4v4 RM · 19d ago on Sep 14, 2026· 27m 32s· 8 players
Game mode
Random Map
Map size
Large (8 player)
Population
200
Speed
Normal
Resources
Standard
Victory
Conquest
Starting age
Dark Age
Ending age
Imperial Age
RankedLock teamsTeams togetherTeam positionsShared explorationLock speedFull tech treeHidden civsTurbo modeCheats
Victory
Defeat
🇷🇺 Celts · Russia
747
+13
🇬🇧 Slavs · United Kingdom
711
+15
🇨🇳 Britons · China
689
+16
🇨🇳 Persians · China
647
+17
🇨🇳 Persians · China
825
-20
🇸🇰 Britons · Slovakia
787
-20
🇩🇰 Japanese · Denmark
610
-12
🇧🇷 Khmer · Brazil
513
-9
小鱼鱼鱼
7:37 Loom
11:09 Feudal Age
12:34 Town Watch
17:00 Castle Age
14:43 Horse Collar
15:38 Double-Bit Axe
21:28 Heavy Plow
23:12 Wheelbarrow
23:29 Bow Saw
25:37 Hand Cart
26:20 Stone Mining
twitch@KSroido
6:02 Loom
10:55 Feudal Age
17:57 Castle Age
22:37 Husbandry
serendipity
9:11 Loom
11:35 Feudal Age
16:06 Castle Age
14:15 Double-Bit Axe
14:43 Horse Collar
16:32 Wheelbarrow
23:33 Bow Saw
24:58 Heavy Plow
25:31 Hand Cart
25:02 Town Watch
27:04 Scale Barding Armor
27:10 Forging
27:15 Bloodlines
27:06 Husbandry
27:57 Gold Mining
lord_suffer
6:24 Loom
12:36 Feudal Age
17:21 Castle Age
16:02 Double-Bit Axe
20:30 Wheelbarrow
20:13 Horse Collar
22:25 Town Watch
baush
10:42 Feudal Age
10:59 Horse Collar
11:07 Double-Bit Axe
19:28 Castle Age
21:14 Bow Saw
21:05 Heavy Plow
25:01 Stone Mining
26:12 Husbandry
26:23 Bloodlines
25:33 Light Cavalry
28:00 Forging
27:56 Scale Barding Armor
Richard
0:28 Loom
8:57 Feudal Age
10:09 Double-Bit Axe
10:40 Horse Collar
11:15 Town Watch
21:40 Castle Age
20:12 Stone Mining
20:31 Gold Mining
20:50 Padded Archer Armor
21:50 Fletching
22:01 Scale Mail Armor
21:49 Man-at-Arms
22:14 Gambesons
marcoo_chiosi
11:34 Feudal Age
9:50 Loom
12:21 Double-Bit Axe
12:18 Horse Collar
13:15 Wheelbarrow
12:26 Town Watch
12:58 Town Watch
21:40 Castle Age
21:41 Stone Mining
21:41 Gold Mining
22:31 Man-at-Arms
22:56 Arson
23:49 Bow Saw
24:28 Pikeman
26:25 Hand Cart
26:13 Heavy Plow
26:47 Town Patrol
28:14 Gold Shaft Mining
28:15 Stone Shaft Mining
BlacKHazE.
0:39 Loom
15:19 Feudal Age
16:56 Man-at-Arms
18:12 Arson
20:13 Double-Bit Axe
21:05 Wheelbarrow
Connection lost

Rejoining the realm…

Still unreachable

The connection could not be restored.

Session expired

The server has moved on; the page needs a fresh start.